 Dungeon Crawl Stone Soup version 0.30-a0-40-gc6d0f036a7 (webtiles) character file.

Game seed: 1429805371017047633

386 pokeman the Magician (level 6, -1/34 HPs)
             Began as a Deep Elf Hedge Wizard on Aug 29, 2022.
             Was an Initiate of Vehumet.
             Slain by an adder (3 damage)
             ... on level 5 of the Dungeon.
             The game lasted 00:10:45 (4451 turns).

pokeman the Magician (Deep Elf Hedge Wizard)        Turns: 4451, Time: 00:10:46

Health: -1/34      AC:  3    Str:  7    XL:     6   Next: 48%
Magic:  7/18       EV: 12    Int: 21    God:    Vehumet [......]
Gold:   130        SH:  0    Dex: 14    Spells: 8/19 levels left

rFire   . . .      SeeInvis .    f - +0 sling
rCold   . . .      Faith    .    (no shield)
rNeg    . . .      Spirit   .    s - +0 leather armour
rPois   .          Reflect  .    c - +0 hat
rElec   .          Harm     .    (no cloak)
rCorr   .          Rampage  .    (no gloves)
Will    .....                    (no boots)
Stlth   ++........               (no amulet)
HPRegen 0.11/turn                (no ring)
MPRegen 0.16/turn                (no ring)

@: no status effects
A: no striking features
a: Renounce Religion


You were on level 5 of the Dungeon.
You worshipped Vehumet.
Vehumet was noncommittal.
You visited 1 branch of the dungeon, and saw 5 of its levels.

You collected 234 gold pieces.
You spent 104 gold pieces at shops.

Inventory:

Hand Weapons
 f - a +0 sling (weapon)
Armour
 c - a +0 hat (worn)
 s - a +0 leather armour (worn)
 u - a scarf of harm
Wands
 q - a wand of mindburst (13)
Scrolls
 a - a scroll of enchant weapon {unknown}
 b - a scroll of amnesia {unknown}
 g - 2 scrolls of enchant armour {unknown}
 h - 8 scrolls of identify
 k - 2 scrolls of teleportation {unknown}
 l - 2 scrolls of brand weapon {unknown}
 m - a scroll of immolation {unknown}
 n - a scroll of fear {unknown}
 o - a scroll of magic mapping
Potions
 d - a potion of magic
 e - a potion of cancellation {unknown}
 i - 3 potions of flight {unknown}
 j - a potion of degeneration {unknown}
 p - 3 potions of heal wounds {unknown}
 r - a potion of attraction {unknown}
 t - a potion of curing {unknown}
 v - a potion of invisibility {unknown}
 w - a potion of brilliance {unknown}


   Skills:
 + Level 1.2 Fighting
 - Level 1.0 Armour
 - Level 3.2 Dodging
 - Level 3.1 Stealth
 * Level 7.1 Spellcasting
 + Level 3.2 Conjurations
 - Level 1.1 Summonings
 - Level 1.1 Translocations
 - Level 1.1 Fire Magic
 + Level 0.9 Air Magic
 - Level 1.0 Poison Magic
 - Level 1.0 Evocations


You had 8 spell levels left.
You knew the following spells:

 Your Spells              Type           Power      Damage    Failure   Level
a - Magic Dart            Conj           84%        1d7       3%          1
b - Mephitic Cloud        Conj/Pois/Air  14%        N/A       19%         3
c - Call Imp              Summ           12%        N/A       12%         2
d - Blink                 Tloc           24%        N/A       12%         2
e - Conjure Flame         Conj/Fire      16%        6-21      16%         3

Your spell library contained the following spells:

 Spells                   Type           Power      Damage    Failure   Level
 Slow                     Hex            28%        N/A       13%         1
 Gell's Gravitas          Tloc           12%        N/A       24%         3
 Lesser Beckoning         Tloc           12%        N/A       24%         3
 Teleport Other           Tloc           12%        N/A       24%         3
 Confusing Touch          Hex            7%         N/A       36%         3
 Yara's Violent Unravell  Hex/Tmut       3%         3d4       98%         5
 Enfeeble                 Hex            3%         N/A       100%        7


Dungeon Overview and Level Annotations

Branches:
Dungeon (5/15)
 Temple: D:4-7

Altars:
Ashenzari
Cheibriados
Dithmenos
Gozag
Ru
Trog
Vehumet

Shops:
D:3 ?

Portals:
Sewer: D:5


Message History

The sling bullet barely misses the ogre.
The ogre is engulfed in noxious fumes.
The ogre hits you with a +0 giant spiked club!!
Ouch! That really hurt!
* * * LOW HITPOINT WARNING * * *
You hear a bark!
Unknown command.
Casting: Mephitic Cloud (quite dangerous; 19% risk of failure)
Confirm with . or Enter, or press ? or * to list all spells.
You blink.
Splash!
You fall into the shallow water.
Moving in this stuff is going to be slow.
You are engulfed in noxious fumes.
You choke on the stench!
You are confused.
You hear an angry hiss.
You feel less confused.
The ogre is engulfed in noxious fumes.
The ogre appears confused.
Found a chain mail.
Found 10 gold pieces.
You feel stable enough to blink again.
Casting: Blink (safe; 12% risk of failure)
Confirm with . or Enter, or press ? or * to list all spells.
You blink.
An adder comes into view.
The adder barely misses you.
You enter the shallow water.
Moving in this stuff is going to be slow.
The ogre laughs at nothing.
You feel stable enough to blink again. The adder misses you.
The adder bites you.
* * * LOW HITPOINT WARNING * * *
The adder bites you.
* * * LOW HITPOINT WARNING * * *
The adder attacks as you move away! The adder bites you.
* * * LOW HITPOINT WARNING * * *
The adder closely misses you. The adder bites you but does no damage.
There is a glowing drain, spattered with blood here.
The adder bites you.
You die...

##.#####.......# ....
...............####....
##.#####...............
##.# ######O.........
.#.#########....~#....
...........#..~~~# $[.
...........#..~†~#
...........#.~~~S#
.#####'#####~~~~@# ...#
#.# #..###### ##.###.#
#.. .......# #..
.#...### # .###.#
.....# .....# .....#


You could see an ogre and an adder.

Vanquished Creatures
  An ogre (D:5)
  2 scorpions (D:4)
  A hound (D:4)
  6 adders
  2 worms
  2 dart slugs
  An orc (D:5)
  2 ball pythons
  7 bats
  9 endoplasms
  4 giant cockroaches
  11 goblins
  8 hobgoblins
  4 jackals
  11 kobolds
  3 quokkas
  3 frilled lizards
  9 rats
86 creatures vanquished.

Vanquished Creatures (collateral kills)
  A hobgoblin (D:4)
  2 goblins (D:4)
3 creatures vanquished.

Grand Total: 89 creatures vanquished

Notes
Turn   | Place    | Note
-------+----------+-------------------------------------------
     0 | D:1      | pokeman the Deep Elf Hedge Wizard began the quest for the
                  | Orb.
     0 | D:1      | Reached XP level 1. HP: 10/10 MP: 7/7
   428 | D:1      | Reached XP level 2. HP: 16/16 MP: 1/9
   624 | D:1      | Found a faded altar of an unknown god.
  1065 | D:2      | Reached skill level 5 in Spellcasting
  1065 | D:2      | Reached XP level 3. HP: 20/20 MP: 4/11
  1069 | D:2      | Learned a level 3 spell: Mephitic Cloud
  1072 | D:2      | Learned a level 2 spell: Call Imp
  1075 | D:2      | Learned a level 2 spell: Blink
  1079 | D:2      | Learned a level 3 spell: Conjure Flame
  1405 | D:2      | Reached skill level 1 in Fighting
  1593 | D:2      | Reached skill level 1 in Armour
  2168 | D:3      | Reached XP level 4. HP: 25/25 MP: 6/13
  2357 | D:3      | Found Asoasch's Magic Scroll Boutique.
  2442 | D:3      | Bought a scroll of identify for 22 gold pieces
  2442 | D:3      | Bought a scroll of magic mapping for 82 gold pieces
  2931 | D:3      | Found an opulent altar of Gozag.
  3080 | D:4      | Found a sacrificial altar of Ru.
  3085 | D:4      | Found a shadowy altar of Dithmenos.
  3175 | D:4      | Found a broken altar of Ashenzari.
  3183 | D:4      | Noticed a scorpion
  3433 | D:4      | Killed a scorpion
  3434 | D:4      | Reached skill level 6 in Spellcasting
  3434 | D:4      | Reached XP level 5. HP: 21/29 MP: 6/15
  3462 | D:4      | Reached skill level 1 in Evocations
  3646 | D:4      | Found a bloodstained altar of Trog.
  3762 | D:4      | Reached skill level 1 in Fire Magic
  3762 | D:4      | Reached skill level 1 in Poison Magic
  3762 | D:4      | Reached XP level 6. HP: 34/34 MP: 10/17
  3851 | D:4      | Found a snail-covered altar of Cheibriados.
  3851 | D:4      | Found a radiant altar of Vehumet.
  3854 | D:4      | Became a worshipper of Vehumet
  4324 | D:5      | Entered Level 5 of the Dungeon
  4348 | D:5      | Reached skill level 7 in Spellcasting
  4415 | D:5      | Found a glowing drain.
  4451 | D:5      | Slain by an adder

Illustrated notes

Levels and vault maps discovered:
D:1:      psy_arrival_radial01, layout_basic,
          chequers_ecumenical_altar_simple_redux
D:2:      minmay_evil_eye, layout_loops_ring
D:3:      layout_basic, mainiacjoe_overflow_catwalk, serial_shops,
          nicolae_shop_advertising_works [nicolae_subvault_shop_adworks]
D:4:      cheibrodos_greedy_goblins, layout_loops_cross,
          nicolae_ashenzari_skybound, trog_three_pillars_becter,
          mainiacjoe_overflow_catwalk_spiral, gammafunk_temple_overflow_elements
D:5:      layout_basic, portal_sewer_entry_b

Skill      XL: |  1  2  3  4  5  6 |
---------------+-------------------+-----
Spellcasting   | 5 6 7 |  7.1
Fighting       | 1 |  1.2
Armour         | 1 |  1.0
Conjurations   | 2 3 |  3.2
Stealth        | 3 |  3.1
Dodging        | 3 |  3.2
Evocations     | 1 |  1.0
Fire Magic     | 1 |  1.1
Poison Magic   | 1 |  1.0
Summonings     | |  1.1
Translocations | |  1.1
Air Magic      | |  0.9

Action                   |  1- 3 |  4- 6 || total
-------------------------+-------+-------++-------
 Fire: Sling             |    13 |    55 ||    68
 Cast: Magic Dart        |    91 |    74 ||   165
       Mephitic Cloud    |       |     6 ||     6
       Blink             |       |     4 ||     4
       Conjure Flame     |       |     3 ||     3
       Call Imp          |       |     2 ||     2
Armor: Robe              |     8 |       ||     8
       Leather armour    |       |    19 ||    19
Dodge: Dodged            |    27 |    45 ||    72

Table legend: (Time is in decaauts)
 A = Elapsed time spent in this place.
 B = Non-inter-level travel time spent in this place.
 C = Inter-level travel time spent in this place.
 D = Time resting spent in this place.
 E = Time spent auto-exploring this place.
 F = Levels seen in this place.
 G = Mean time per level.
                   A        B        C        D        E       F      G
               +--------+--------+--------+--------+--------+-----+--------+
         Total |   4484 |   4382 |    102 |    433 |   3291 |   5 |  896.8 |
       Dungeon |   4484 |   4382 |    102 |    433 |   3291 |   5 |  896.8 |
               +--------+--------+--------+--------+--------+-----+--------+

Top non-repeatable levels by time:
     D:4: 1306 daAuts
     D:2: 1088 daAuts
     D:1: 1060 daAuts
     D:3: 891 daAuts
     D:5: 137 daAuts
